Map: Ever Dream LE

Players

Jason

  • Race: Zerg Zerg
  • League: Silver
  • Spawn Location: 7:00

SwankyHoff - Winner!

  • Race: Terran Terran
  • Spawn Location: 1:00

VOD

Have the link to the VOD?

Description

noob

Time

  • Played on: Sept. 15, 2020, 7:21 a.m.
  • Length: 13:27
Show
View Real Time Build Order
Export as new Build Order

Jason Zerg 

Build Orders: Pool First 

Get SALT Encoding   

  12  0:08  Overlord  
  12  0:13  Drone  
  13  0:17  Drone  
  14  0:30  Drone  
  14  0:32  Drone  
  16  0:43  Drone  
  17  0:53  Extractor  
  17  0:56  Spawning Pool  
  16  0:57  Drone  
  16  1:23  Drone x2  
  17  1:57  Hatchery  
  17  1:59  Queen  
  18  2:04  Drone  
  18  2:05  Drone  
  20  2:10  Extractor  
  19  2:31  Drone x2  
  21  2:40  Lair  
  21  2:41  Overlord  
  21  2:52  Zergling x2  
  22  3:02  Overlord  
  22  3:10  Queen  
  22  3:12  Drone  
  25  3:28  Drone  
  25  3:31  Drone x4  
  30  3:44  Roach Warren  
  29  3:55  Evolution Chamber  
  28  3:56  Drone  
  28  3:57  Drone x2  
  28  3:58  Drone  
  28  3:59  Drone x4  
  36  4:06  Overseer  
  36  4:08  Overseer  
  36  4:09  Overseer  
  36  4:23  Queen  
  38  4:28  Zerg Missile Weapons Level 1  
  38  5:05  Glial Reconstitution  
  38  5:15  Extractor  
  38  5:17  Extractor, Drone x6  
  38  5:18  Drone x2  
  44  5:28  Overlord  
  44  5:29  Overlord x3  
  44  5:44  Evolution Chamber  
  43  6:15  Roach x2  
  43  6:16  Roach x7  
  43  6:17  Roach  
  63  6:22  Hydralisk Den, Overseer x2  
  63  6:24  Zerg Missile Weapons Level 2  
  62  6:26  Zerg Ground Armor Level 1  
  62  6:33  Drone x7  
  62  6:37  Drone x2  
  62  6:38  Drone x2  
  73  7:11  Pneumatized Carapace  
  73  7:15  Burrow  
  73  7:16  Hatchery  
  73  7:21  Hydralisk  
  73  7:22  Hydralisk  
  76  7:24  Overlord x3  
  76  7:25  Overlord  
  76  7:48  Overseer  
  76  8:18  Overseer  
  76  8:48  Baneling Nest  
  76  8:52  Drone x3  
  78  8:57  Drone x4  
  78  8:58  Drone x7  
  78  8:59  Drone  
  90  9:13  Infestation Pit  
  89  9:18  Overlord  
  89  9:25  Queen  
  89  9:29  Extractor  
  89  9:30  Extractor  
  89  9:46  Roach x2  
  89  9:47  Roach  
  89  9:48  Roach x4  
  89  9:49  Roach  
  89  9:52  Overlord x3  
  105  9:55  Grooved Spines  
  105  9:56  Tunneling Claws  
  105  9:57  Zerg Ground Armor Level 2  
  105  9:59  Hive  
  105  10:18  Hydralisk x3  
  105  10:19  Hydralisk x3  
  85  11:26  Zergling x2  
  85  11:27  Zergling x10  
  85  11:31  Centrifical Hooks  
  83  11:39  Zergling x10  
  89  11:40  Zergling x2  
  89  11:42  Roach x2  
  93  11:47  Baneling x6  
  93  11:48  Baneling x6  
  93  11:51  Overseer  
  93  11:52  Overseer  
  93  11:54  Overlord x3  
  93  12:13  Roach  
  93  12:14  Roach x5  
  98  12:36  Baneling x6  
  81  12:37  Baneling x6  
  81  12:39  Roach x3  
  81  12:41  Roach  
  81  12:42  Roach x5  
  81  12:56  Roach  
  71  13:09  Zergling x2  
Show
View Real Time Build Order
Export as new Build Order

SwankyHoff Terran - Winner!

Build Orders:  

Get SALT Encoding   

  12  0:00  SCV  
  13  0:13  SCV  
  14  0:17  Supply Depot  
  14  0:25  SCV  
  15  0:39  SCV  
  15  0:42  Barracks  
  16  0:51  SCV  
  17  1:02  Refinery  
  17  1:13  SCV  
  18  1:26  SCV  
  19  1:39  Orbital Command  
  19  1:45  Marine  
  20  1:56  Command Center  
  20  2:07  Supply Depot  
  20  2:14  Barracks Reactor  
  20  2:16  SCV  
  21  2:28  SCV  
  22  2:30  Factory  
  22  2:44  SCV  
  23  2:51  Marine  
  23  2:52  Marine  
  23  2:56  SCV  
  23  2:57  Refinery  
  26  3:07  Orbital Command  
  26  3:08  SCV  
  27  3:14  Bunker  
  27  3:21  SCV  
  28  3:30  Factory Tech Lab  
  28  3:33  Starport, SCV  
  29  3:39  SCV  
  30  3:45  SCV  
  31  3:51  SCV  
  31  3:52  Engineering Bay  
  32  3:59  SCV  
  32  4:02  Siege Tank  
  36  4:03  SCV  
  36  4:09  Barracks  
  37  4:11  SCV  
  37  4:14  Barracks  
  37  4:16  SCV  
  39  4:22  Supply Depot  
  39  4:23  Marine x2, SCV  
  42  4:28  SCV  
  42  4:29  Starport Reactor  
  43  4:35  SCV  
  44  4:40  Refinery, SCV  
  44  4:43  Refinery  
  44  4:44  Marine x2  
  47  4:47  SCV  
  47  4:52  SCV  
  49  4:59  Supply Depot  
  49  5:02  SCV  
  49  5:03  Marine x2  
  49  5:04  SCV  
  49  5:06  Barracks Tech Lab  
  53  5:08  Barracks Tech Lab  
  53  5:14  SCV  
  54  5:21  Supply Depot  
  54  5:22  Command Center  
  54  5:30  Marine x2  
  54  5:31  Marine x2  
  58  5:36  Siege Tank  
  58  5:41  Terran Infantry Weapons Level 1  
  61  5:44  Supply Depot  
  61  5:48  Engineering Bay, Marine x2  
  63  5:57  Missile Turret  
  63  6:01  Missile Turret  
  63  6:13  SCV x2  
  63  6:14  Marine  
  63  6:15  Marine x3  
  63  6:17  Siege Tank  
  72  6:19  Stimpack, Combat Shield  
  72  6:25  Terran Infantry Armor Level 1, SCV x2  
  73  6:31  Armory  
  74  6:37  SCV  
  75  6:51  Barracks  
  75  6:53  Barracks  
  75  6:56  SCV x2  
  75  6:58  Orbital Command  
  77  7:08  SCV x2  
  79  7:20  Refinery, SCV  
  79  7:21  Supply Depot x2  
  80  7:28  SCV  
  80  7:29  SCV  
  82  7:30  Marine x3  
  82  7:31  Marine  
  82  7:32  SCV  
  82  7:33  Siege Tank  
  82  7:36  Medivac  
  92  7:40  SCV  
  92  7:42  SCV, Medivac  
  96  7:44  SCV  
  96  7:47  Refinery  
  96  7:48  Marine  
  98  7:52  Terran Infantry Weapons Level 2  
  98  7:53  Supply Depot  
  98  7:54  Terran Vehicle Weapons Level 1  
  98  7:57  Supply Depot  
  98  7:58  Supply Depot  
  98  8:03  Factory  
  98  8:06  Factory  
  98  8:09  Marine  
  98  8:12  SCV x3  
  107  8:18  Barracks Reactor x2  
  102  8:24  SCV x3  
  102  8:26  Missile Turret  
  105  8:36  Supply Depot, SCV x3  
  108  8:42  Command Center  
  108  8:45  Marine x2  
  108  8:46  Marine x2  
  108  8:48  SCV x3  
  115  8:55  Marine  
  115  8:56  Marine x2  
  115  8:57  Marine  
  115  9:00  SCV x2  
  115  9:01  Siege Tank  
  124  9:03  Factory Tech Lab  
  124  9:04  Factory Tech Lab, Marauder x2  
  128  9:12  Medivac x2  
  128  9:14  SCV x2  
  128  9:15  SCV  
  135  9:36  Terran Infantry Armor Level 2  
  135  9:39  Marine  
  135  9:40  Marine x6  
  135  9:42  Marauder  
  135  9:43  Siege Tank  
  135  9:45  Medivac  
  149  9:54  Medivac, Siege Tank x2  
  149  9:59  Marauder  
  159  10:00  Supply Depot x2  
  159  10:03  Supply Depot  
  159  10:04  Marine x6  
  159  10:05  Supply Depot x2  
  165  10:15  Siege Tank  
  168  10:26  Marine x6, Siege Tank  
  178  10:29  Marauder x2  
  178  10:30  Siege Tank  
  178  10:34  Medivac  
  186  10:47  Siege Tank  
  189  10:58  Siege Tank  
  189  10:59  Planetary Fortress  
  189  11:02  Refinery  
  189  11:03  Refinery  
  192  11:06  Supply Depot  
  192  11:08  Supply Depot  
  182  11:22  Orbital Command  
  178  12:00  Marine x8  
  186  12:02  Supply Depot  
  186  12:03  Supply Depot  
  186  12:04  Supply Depot  
  186  12:06  Supply Depot  
  186  12:08  Supply Depot  
  186  12:13  Supply Depot  
  186  12:18  Marine x8  
  190  12:35  Marine  
  190  12:36  Marine x7  
  193  12:53  Marine  
  193  12:54  Marine  
Tags
 
League
Silver
Matchup
TvZ
Opening
Pool First
Spawn Locations
Cross Positions
Add a new tag
Caveats
  • Supply blocks, unpowered buildings, or Contaminate may cause inaccurate times.
  • Supply counts are checked every 10 seconds.